 Dungeon Crawl Stone Soup version 0.32-a0-861-g165e151e72 (webtiles) character file.

Game seed: 14637956969825430282

59 Ajdolov the Trooper (level 4, 0/41 HPs)
             Began as a Ghoul Hunter on Mar 27, 2024.
             Slain by a goblin
             ... wielding a +0 club
              (2 damage)
             ... while paralysed by Grinder
             ... on level 3 of the Dungeon on Mar 28, 2024.
             The game lasted 00:03:01 (1699 turns).

Ajdolov the Trooper (Ghoul Hunter)                  Turns: 1699, Time: 00:03:02

Health: 0/41       AC:  3    Str: 14    XL:     4   Next: 3%
Magic:  4/4        EV:  2    Int:  8    God:
Gold:   74         SH:  0    Dex: 14    Spells: 3/3 levels left

rFire   . . .        a - +0 shortbow
rCold   + . .        (shield currently unavailable)
rNeg    + + +        c - +0 leather armour
rPois   ∞            (no helmet)
rElec   .            (no cloak)
rCorr   .            (no gloves)
SInv    .            (no boots)
Will    .....        m - amulet of the acrobat
Stlth   +            e - +4 ring of slaying
HPRegen 0.00/turn    (no ring)
MPRegen 0.09/turn

%: acrobat
@: paralysed, inhibited regen
A: claws 1, cold resistance 1, negative energy resistance 3, inhibited
regeneration, torment resistance 2, devour on kill
a: no special abilities


You were on level 3 of the Dungeon.
You visited 1 branch of the dungeon, and saw 3 of its levels.

You collected 74 gold pieces.

Inventory:

Hand Weapons
 a - a +0 shortbow (weapon)
Missiles
 n - a throwing net
Armour
 c - a +0 leather armour (worn)
Jewellery
 e - a +4 ring of slaying (left claw)
 i - an amulet of regeneration
 j - the amulet of Elemental Vulnerability {rPois rF-- rC-- AC+8}
   (You found it on level 2 of the Dungeon)

   [amulet of nothing]

   AC+8:      It affects your AC (+8).
   rF--:      It makes you very vulnerable to fire.
   rC--:      It makes you very vulnerable to cold.
   rPois:     It protects you from poison.
 m - an amulet of the acrobat (around neck)
Wands
 o - a wand of flame (19)
Scrolls
 b - a scroll of butterflies
 d - 2 scrolls of blinking {unknown}
 f - 2 scrolls of fear {unknown}
 g - a scroll of teleportation {unknown}
 h - a scroll of identify {unknown}
 k - 2 scrolls of enchant weapon {unknown}
Potions
 l - a potion of heal wounds {unknown}
 p - a potion of attraction {unknown}


   Skills:
 + Level 4.6 Fighting
 - Level 3.6 Ranged Weapons
 - Level 1.7 Dodging
 - Level 1.1 Stealth


You had 3 spell levels left.
You didn't know any spells.
Your spell library contained the following spells:

 Spells                   Type           Power      Damage    Failure   Level
 Inner Flame              Hex/Fire       0%         N/A       86%         3
 Flame Wave               Conj/Fire      0%         2d4       99%         4
 Sticky Flame             Fire/Alch      0%         2d4       99%         4


Dungeon Overview and Level Annotations

Branches:
Dungeon (3/15)

Altars:
Uskayaw

Annotations:
D:3 Grinder


Innate Abilities, Weirdness & Mutations

You are immune to poison.
You have sharp fingernails.
Your flesh is cold resistant. (rC+)
You are immune to negative energy. (rN+++)
You do not regenerate when monsters are visible.
You are immune to unholy pain and torment.
You thrive by killing the living.


Message History

Grinder hits you.
You shoot an arrow. The arrow hits Grinder.
Grinder is severely wounded.
Grinder blinks!
Unknown command.
A goblin comes into view. It is wielding a +0 club.
The endoplasm closely misses you.
Grinder says, "DUCK!"
There is an open door here.
You shoot an arrow. The arrow hits the endoplasm!
You kill the endoplasm!
You feel better. Grinder hits you! Grinder barely misses you.
You shoot an arrow. The arrow closely misses Grinder.
Grinder closely misses you.
You shoot an arrow. The arrow hits Grinder.
Grinder is severely wounded.
Grinder hits you.
You shoot an arrow. The arrow closely misses Grinder.
Grinder hits you.
Unknown command.
You shoot an arrow. The arrow hits Grinder.
Grinder is almost dead.
The goblin shouts!
Grinder hits you.
* * * LOW HITPOINT WARNING * * *
Grinder gestures at you. You resist with significant effort.
You shoot an arrow. The arrow closely misses Grinder.
Grinder hits you.
* * * LOW HITPOINT WARNING * * *
Unknown command.
You shoot an arrow. The arrow closely misses Grinder.
Grinder hits you!
* * * LOW HITPOINT WARNING * * *
Unknown command.
You shoot an arrow. The arrow hits Grinder.
Grinder is almost dead.
Grinder gestures at you.
You suddenly lose the ability to move!
Grinder hits you.
* * * LOW HITPOINT WARNING * * *
The goblin hits you with a +0 club.
You die...

#.# #.# #.# #.# #.#
### #.#######
#...###........
.#....5#.###
......g@...#
##.....#.#.#
#.....#.#.####.#
#.....#+#......#
#..........#####
#..........#
#.##.......#
########.#........#
#........#.##.....#


You could see Grinder and a goblin.

Vanquished Creatures
  An adder (D:2)
  A dart slug (D:2)
  A ribbon worm (D:2)
  7 ball pythons
  6 endoplasms
  3 giant cockroaches
  4 goblins
  6 hobgoblins
  2 bats
  2 frilled lizards (D:2)
  4 kobolds
  6 rats
43 creatures vanquished.

Notes
Turn   | Place    | Note
-------+----------+-------------------------------------------
     0 | D:1      | Ajdolov the Ghoul Hunter began the quest for the Orb.
     0 | D:1      | Reached XP level 1. HP: 17/17 MP: 1/1
   261 | D:1      | Reached skill level 3 in Fighting
   261 | D:1      | Reached XP level 2. HP: 26/26 MP: 2/2
   664 | D:2      | Found the amulet of Elemental Vulnerability {rPois rF--
                  | rC-- AC+8}
   717 | D:2      | Reached XP level 3. HP: 19/33 MP: 3/3
   796 | D:2      | Found a hide-covered altar of Uskayaw.
  1081 | D:2      | Reached skill level 4 in Fighting
  1610 | D:3      | Reached XP level 4. HP: 41/41 MP: 4/4
  1680 | D:3      | Noticed Grinder
  1681 | D:3      | Paralysed by Grinder for 2 turns
  1697 | D:3      | Paralysed by Grinder for 5 turns
  1698 | D:3      | HP: 2/41 [Grinder (1)]
  1699 | D:3      | Slain by a goblin

Illustrated notes

Levels and vault maps discovered:
D:1:      dpeg_arrival_prison, layout_basic
D:2:      minmay_recursive_quarters, layout_loops_ring, basic_altar
D:3:      layout_basic, slow_altar_1, nicolae_hepliaklqana_ecumenical_no_more,
          grunt_dithmenos_smoke_and_mirrors, ebering_ecumenical_altar_box,
          minmay_statues_item, uniq_grinder

Skill      XL: |  1  2  3 |
---------------+----------+-----
Fighting       | 3 4 |  4.6
Ranged Weapons | |  3.6
Dodging        | |  1.7
Stealth        | |  1.1

Action                     |  1- 3 |  4- 6 || total
---------------------------+-------+-------++-------
   Fire: Shortbow          |   133 |    15 ||   148
 Armour: Leather armour    |    33 |    11 ||    44
  Dodge: Dodged            |    26 |     4 ||    30

Table legend: (Time is in decaauts)
 A = Elapsed time spent in this place.
 B = Non-inter-level travel time spent in this place.
 C = Inter-level travel time spent in this place.
 D = Time resting spent in this place.
 E = Time spent auto-exploring this place.
 F = Levels seen in this place.
 G = Mean time per level.
                   A        B        C        D        E       F      G
               +--------+--------+--------+--------+--------+-----+--------+
         Total |   1737 |   1675 |     62 |     62 |   1250 |   3 |  579.0 |
       Dungeon |   1737 |   1675 |     62 |     62 |   1250 |   3 |  579.0 |
               +--------+--------+--------+--------+--------+-----+--------+

Top non-repeatable levels by time:
     D:2: 921 daAuts
     D:1: 711 daAuts
     D:3: 104 daAuts
